 Dungeon Crawl Stone Soup version 0.15.0-14-g6bbbb5c (console) character file.

92 gw the Slasher (level 4, -5/27 HPs)
             Began as a Deep Elf Fighter on Sept 4, 2014.
             Slain by an orc warrior
             ... wielding a +0 mace
              (9 damage)
             ... on Level 3 of the Dungeon.
             The game lasted 00:01:05 (2387 turns).

gw the Slasher (Deep Elf Fighter)                   Turns: 2387, Time: 00:01:05

HP  -5/27        AC  6     Str 17 (18) XL: 4   Next: 35%
MP   8/8         EV  8     Int 13      God:
Gold 0           SH  0     Dex 15      Spells:  0 memorised,  3 levels left

rFire  . . .     SeeInvis .     a - +0 long sword
rCold  . . .     Clarity  .     b - +0 scale mail
rNeg   . . .     rCorr    .     (no shield)
rPois  .         rRot     .     (no helmet)
rElec  .         Spirit   .     (no cloak)
SustAb .         Warding  .     (no gloves)
rMut   .         Stasis   .     (no boots)
Gourm  .                        (no amulet)
MR     .....                    (no ring)
                                (no ring)

@: mighty, not resistant to hostile enchantments, extremely unstealthy
A: no striking features
a: no special abilities


You were on level 3 of the Dungeon.
You were not hungry.

You visited 1 branch of the dungeon, and saw 3 of its levels.

Inventory:

Hand weapons
 a - a +0 long sword (weapon)
Missiles
 g - 30 stones
 m - 2 javelins (quivered)
 o - a tomahawk
Armour
 b - a +0 scale mail (worn)
Magical devices
 e - a wand of frost (14) {unknown}
Comestibles
 c - a meat ration
 d - a bread ration
 h - a royal jelly
 i - 5 fruits
Scrolls
 j - a scroll of random uselessness {unknown}
Potions
 f - a potion of agility
 l - a potion of poison {unknown}


   Skills:
 + Level 2.8 Fighting
 * Level 3.1 Long Blades
 + Level 1.6 Throwing
 + Level 2.8 Armour
   Level 2.4 Shields


You had 3 spell levels left.
You didn't know any spells.

Dungeon Overview and Level Annotations

Branches:
Dungeon (3/15)

Altars:
Vehumet
The Shining One


Message History

The orc barely misses you.
ATTACK MOVE TO (-1,-1)
You closely miss the orc.
The orc is severely wounded.
The orc hits you but does no damage.
ATTACK MOVE TO (-1,-1)
You hit the orc.
You kill the orc!
The orc warrior throws a tomahawk.
The tomahawk hits you!
ATTACK MOVE TO (-1,0)
A rat comes into view.
The orc warrior hits you with a mace!
Things that are here:
a hand axe; a ring mail; an orc corpse ATTACK MOVE TO (-1,0)
You slash the orc warrior!
The orc warrior is moderately wounded.
The orc priest's eyes start to glow.
The orc warrior hits you with a mace!
You die...

.##.#
#.....#
..... ....
... #.# #
#####.##.#
#rooe....#
.###.#
#.###(####
..##.# #.#
#..... #.#
#.##.# #.#
#.##.# #.#
#....# #.#
#$#..#
##.#
#....##
#..#


You could see an orc warrior, an orc priest and a rat.

Table legend:
 A = Turns spent in this place as a percentage of turns spent in the entire game.
 B = Non-inter-level travel turns spent in this place as a percentage of non-inter-level travel turns spent in the entire game.
 C = Inter-level travel turns spent in this place as a percentage of turns spent in this place.
 D = Turns resting spent in this place as a percentage of non-inter-level travel turns spent in this place.
 E = Turns spent auto-exploring this place as a percentage of non-inter-level travel turns spent in this place.
 F = Non-inter-level travel turns spent in this place divided by the number of levels of this place that you've seen.
                   A       B       C       D       E      F
               +-------+-------+-------+-------+-------+----------------------
         Total | 100.0 | 100.0 |   1.3 |   7.3 |  18.5 | 173.3
       Dungeon | 100.0 | 100.0 |   1.3 |   7.3 |  18.5 | 173.3
               +-------+-------+-------+-------+-------+----------------------

Table legend:
 A = Kills in this place as a percentage of kills in entire the game.
 B = Kills by you in this place as a percentage of kills by you in the entire game.
 C = Kills by friends in this place as a percentage of kills by friends in the entire game.
 D = Other kills in this place as a percentage of other kills in the entire game.
 E = Experience gained in this place as a percentage of experience gained in the entire game.
 F = Experience gained in this place divided by the number of levels of this place that you have seen.
                   A       B       C       D       E      F
               +-------+-------+-------+-------+-------+----------------------
         Total | 100.0 | 100.0 |  -nan |  -nan | 100.0 |  44.0
       Dungeon | 100.0 | 100.0 |  -nan |  -nan | 100.0 |  44.0
               +-------+-------+-------+-------+-------+----------------------

Vanquished Creatures
  Natasha (D:3)
  2 adders (D:2)
  2 giant geckos
  An orc (D:3)
  A ball python (D:1)
  7 bats
  A giant cockroach (D:3)
  4 hobgoblins
  5 jackals
  8 kobolds
  5 giant newts (D:1)
  6 goblins
  5 rats
48 creatures vanquished.

Notes
Turn   | Place    | Note
--------------------------------------------------------------
     0 | D:1      | gw, the Deep Elf Fighter, began the quest for the Orb.
     0 | D:1      | Reached XP level 1. HP: 13/13 MP: 2/2
   319 | D:1      | Reached XP level 2. HP: 8/18 MP: 4/4
   988 | D:1      | Reached skill level 1 in Throwing
  1075 | D:1      | Found a glowing golden altar of the Shining One.
  1216 | D:1      | Reached XP level 3. HP: 22/22 MP: 6/6
  1915 | D:2      | Found a radiant altar of Vehumet.
  2031 | D:3      | Noticed Natasha
  2043 | D:3      | Killed Natasha
  2043 | D:3      | Reached skill level 3 in Long Blades
  2043 | D:3      | Reached XP level 4. HP: 12/27 MP: 8/8
  2383 | D:3      | Noticed an orc warrior
  2387 | D:3      | Slain by an orc warrior

Action                   |  1- 3 |  4- 6 || total
-------------------------+-------+-------++-------
Melee: Long sword        |   102 |    15 ||   117
Throw: Tomahawk          |    28 |     2 ||    30
       Stone             |    20 |     1 ||    21
       Javelin           |    13 |     5 ||    18
  Use: Scroll            |     4 |       ||     4
       Potion            |     7 |     1 ||     8
 Stab: Sleeping          |     1 |       ||     1
  Eat: Chunk             |     4 |     1 ||     5

Vault maps used:
D:1:      minmay_arrival_doors, corexii_leaking_fountain, tso_altar
D:2:      vehumet_crystals
D:3:      uniq_natasha, uniq_sigmund, uniq_crazy_yiuf_cottage
